 Dungeon Sprint DCSS version 0.22.1-1-ga44c0e56f4 (webtiles) character file.

998 Morrissey the Transmogrifier (level 8, 0/66 HPs)
             Began as an Octopode Transmuter on Nov 4, 2018.
             Was a High Priest of Makhleb.
             Slain by an unseen horror (6 damage)
             ... in the Dungeon (Sprint VII: "The Pits").
             The game lasted 00:04:29 (704 turns).

Morrissey the Transmogrifier (Octopode Transmuter)   Turns: 704, Time: 00:04:29

Health: 0/66       AC:  6    Str:  9    XL:     8   Next: 19%
Magic:  15/18      EV: 14    Int: 15    God:    Makhleb [*****.]
Gold:   0          SH:  0    Dex: 15    Spells: 7/20 levels left

rFire    x . .     SeeInvis .     - Unarmed
rCold    + + +     Gourm    .   (shield currently unavailable)
rNeg     . . .     Faith    .   (helmet currently unavailable)
rPois    +         Spirit   .   (no amulet)
rElec    .         Reflect  .   (no ring)
rCorr    .         Harm     .   (no ring)
MR       .....     NoTele   +   (no ring)
Stlth    +.........             (no ring)
HPRegen  0.21/turn              (no ring)
MPRegen  0.16/turn              (no ring)
                                (no ring)
                                (no ring)

@: ice-form
A: large, almost no armour, stealthy swim, amphibious, 8 rings, (constrict 8)
a: End Transformation, Minor Destruction, Lesser Servant of Makhleb, Major
Destruction, Greater Servant of Makhleb, Renounce Religion


You were in the Dungeon.
You worshipped Makhleb.
Makhleb was extremely pleased with you.
You were not hungry.
You were a creature of crystalline ice.
You visited 1 branch

Inventory:

Missiles
 a - 12 arrows
Magical Staves
 b - an uncursed staff of energy (melded)
Scrolls
 i - a scroll of blinking
 j - 3 scrolls of remove curse
 k - 5 scrolls of amnesia
 l - a scroll of summoning
Potions
 d - 6 potions of curing
 e - 5 potions of heal wounds
 f - a potion of haste
 g - 4 potions of magic
 h - 3 potions of berserk rage
 n - 2 potions of invisibility
Comestibles
 c - 9 rations
 m - a chunk of flesh


   Skills:
 - Level 5.0 Fighting
 + Level 7.2 Dodging
 + Level 7.7 Unarmed Combat
 + Level 6.6 Spellcasting
 - Level 10.0 Transmutations
 - Level 4.1 Ice Magic
 - Level 1.0 Poison Magic
 + Level 4.7 Invocations


You had 7 spell levels left.
You knew the following spells:

 Your Spells              Type           Power        Failure   Level  Hunger
a - Beastly Appendage     Tmut           #####.       1%          1    None
b - Spider Form           Tmut/Pois      ###.......   4%          3    ##.....
c - Ice Form              Ice/Tmut       ####....     8%          4    ####...
d - Blade Hands           Tmut           #####.....   6%          5    #####..

Your spell library contained the following spells:

 Spells                   Type           Power        Failure   Level  Hunger
 Sticks to Snakes         Tmut           #####...     1%          2    None


Dungeon Overview and Level Annotations

Branches:
Dungeon (1/1)

Altars:
Ashenzari
Cheibriados
Dithmenos
Elyvilon
Fedhas
Gozag
Hepliaklqana
Kikubaaqudgha
Makhleb
Nemelex Xobeh
Okawaru
Qazlal
Ru
Sif Muna
Trog
Uskayaw
Vehumet
Wu Jian
Xom
Yredelemnul
Zin
The Shining One
Beogh
Jiyva
Lugonu


Innate Abilities, Weirdness & Mutations

You cannot wear most types of armour.
You are very stealthy in the water. (Stealth+)
You are amphibious.
You can wear up to eight rings at the same time.
((You can use your tentacles to constrict eight enemies at once.))
((Your skin changes colour to match your surroundings (Stealth+).))
((Your rubbery body absorbs attacks. (AC +1, EV +1)))


Message History

There is an open door here.
Something hits you! The worker ant barely misses you.
The red devil hops backward while attacking.
The red devil hits you from afar with a trident!!
* * * LOW HITPOINT WARNING * * *
The worker ant closely misses you. Something hits you.
* * * LOW HITPOINT WARNING * * *
The red devil hits you with a trident!
* * * LOW HITPOINT WARNING * * *
The worker ant barely misses you.
You barely miss the red devil. Something hits you but does no damage.
The worker ant bites you.
* * * LOW HITPOINT WARNING * * *
The red devil hops backward while attacking.
The red devil misses you. Something hits you.
* * * LOW HITPOINT WARNING * * *
Something hits you.
You die...

#.#..########...<...#
#)#..'[))).##.......#
#)#..#[))).##.......#
#)###########.......#
#..)....#..##########
#.###...#)######
#.#.....#.#....#
#.#...#.#'#a...#
#...).#.#.'..Y4+
#...###.#'#....#
#......)'.#....#
################


You could see a red devil and a worker ant.

Vanquished Creatures
  An orc knight (D)
  Grinder (D)
  A water moccasin (D)
  A floating eye (D)
  A big kobold (D)
  An orc priest (D)
  An orc wizard (D)
  An iguana (D)
  An adder (D)
  A gnoll (D)
  A river rat (D)
  A white imp (D)
  An ooze (D)
  3 orcs (D)
  A bat zombie (D)
  A hobgoblin (D)
  2 jackals (D)
  A ball python (D)
  A bat (D)
  A frilled lizard (D)
  A jackal skeleton (D)
  A quokka zombie (D)
  A rat (D)
26 creatures vanquished.

Notes
Turn   | Place    | Note
-------+----------+-------------------------------------------
     0 | D        | Morrissey the Octopode Transmuter began the quest for the
                  | Orb.
     0 | D        | Reached XP level 1. HP: 13/13 MP: 3/3
    77 | D        | Found a glowing golden altar of the Shining One.
    77 | D        | Found a glowing silver altar of Zin.
    77 | D        | Found a basalt altar of Yredelemnul.
    77 | D        | Found a shimmering altar of Xom.
    77 | D        | Found an ornate altar of the Wu Jian Council.
    77 | D        | Found a bloodstained altar of Trog.
    77 | D        | Found a deep blue altar of Sif Muna.
    77 | D        | Found a sacrificial altar of Ru.
    77 | D        | Found a stormy altar of Qazlal.
    77 | D        | Found an iron altar of Okawaru.
    77 | D        | Found a sparkling altar of Nemelex Xobeh.
    77 | D        | Found a burning altar of Makhleb.
    77 | D        | Found a viscous altar of Jiyva.
    77 | D        | Found a hazy altar of Hepliaklqana.
    77 | D        | Found an opulent altar of Gozag.
    77 | D        | Found a blossoming altar of Fedhas.
    77 | D        | Found a white marble altar of Elyvilon.
    77 | D        | Found a shadowy altar of Dithmenos.
    77 | D        | Found a snail-covered altar of Cheibriados.
    78 | D        | Found a radiant altar of Vehumet.
    78 | D        | Found a corrupted altar of Lugonu.
    78 | D        | Found a roughly hewn altar of Beogh.
    81 | D        | Found a shattered altar of Ashenzari.
    81 | D        | Found an ancient bone altar of Kikubaaqudgha.
    81 | D        | Found a hide-covered altar of Uskayaw.
   104 | D        | Became a worshipper of Makhleb the Destroyer
   118 | D        | Noticed a floating eye
   129 | D        | Killed a floating eye
   129 | D        | Reached * piety under Makhleb
   129 | D        | Reached skill level 5 in Transmutations
   129 | D        | Reached XP level 2. HP: 16/21 MP: 3/6
   129 | D        | Reached XP level 3. HP: 20/26 MP: 4/8
   129 | D        | Reached XP level 4. HP: 24/32 MP: 4/9
   178 | D        | Learned a level 3 spell: Spider Form
   183 | D        | Learned a level 4 spell: Ice Form
   208 | D        | Reached ** piety under Makhleb
   208 | D        | Reached skill level 1 in Poison Magic
   243 | D        | Reached XP level 5. HP: 37/37 MP: 6/10
   386 | D        | Noticed a water moccasin
   405 | D        | Killed a water moccasin
   405 | D        | Reached *** piety under Makhleb
   405 | D        | Reached skill level 5 in Dodging
   405 | D        | Reached skill level 5 in Unarmed Combat
   405 | D        | Reached skill level 7 in Transmutations
   405 | D        | Reached XP level 6. HP: 45/45 MP: 6/13
   406 | D        | Reached skill level 5 in Fighting
   412 | D        | Reached skill level 5 in Spellcasting
   414 | D        | Reached **** piety under Makhleb
   500 | D        | Learned a level 5 spell: Blade Hands
   512 | D        | Reached skill level 8 in Transmutations
   516 | D        | Reached ***** piety under Makhleb
   518 | D        | Noticed an orc knight
   540 | D        | Killed an orc knight
   540 | D        | Reached skill level 9 in Transmutations
   540 | D        | Reached XP level 7. HP: 41/50 MP: 12/16
   563 | D        | Noticed Grinder
   570 | D        | Killed Grinder
   570 | D        | Reached skill level 10 in Transmutations
   570 | D        | Reached XP level 8. HP: 10/55 MP: 11/17
   698 | D        | Noticed a red devil
   704 | D        | Slain by an unseen horror

Skill      XL: |  1  2  3  4  5  6  7  8 |
---------------+-------------------------+-----
Fighting       | 3 4 5 |  5.0
Dodging        | 4 5 6 7 |  7.2
Unarmed Combat | 4 5 7 |  7.7
Spellcasting   | 3 4 6 |  6.6
Transmutations | 5 7 9 10 | 10.0
Poison Magic   | 1 |  1.0
Ice Magic      | 3 4 |  4.1
Invocations    | 3 4 |  4.7

Action                   |  1- 3 |  4- 6 |  7- 9 || total
-------------------------+-------+-------+-------++-------
Melee: Unarmed           |    11 |    50 |    12 ||    73
       Constrict         |     4 |     3 |     3 ||    10
       Tentacles         |     2 |     2 |     2 ||     6
       Punch             |       |     1 |       ||     1
 Cast: Beastly Appendage |     1 |       |       ||     1
       Spider Form       |       |     3 |       ||     3
       Ice Form          |       |     1 |     2 ||     3
       Blade Hands       |       |       |     1 ||     1
 Abil: End Transformatio |       |     2 |     1 ||     3
  Use: Potion            |       |       |     1 ||     1
 Stab: Sleeping          |     2 |     2 |       ||     4
Armor: Skin              |     1 |     9 |     2 ||    12
Dodge: Dodged            |     5 |    33 |    12 ||    50
